Jets vs Red Wings
(R1)
Created - 5 avril 2017 at 23:34
Goals
|
| Jets |
0 |
1 |
0 |
1 |
| Red Wings |
2 |
2 |
0 |
4 |
|
Shots
|
| Jets |
10 |
13 |
21 |
44 |
| Red Wings |
10 |
14 |
5 |
29 |
|
1st period
1. Red Wings , Mike Richards 36 (Phil Kessel, Shea Weber) at 2:57 (PP)
2. Red Wings , Filip Kuba 5 (Jiri Fischer, Sean Bergenheim) at 7:00
Penalties :
Michal Rozsival (Win) for Holding (Minor) at 2:43, Marco Scandella (Win) for Hooking (Minor) at 3:18, Filip Kuba (Det) for Holding (Minor) at 4:07, Derek Roy (Win) for Hooking (Minor) at 4:31, James Wright (Win) for Holding (Minor) at 12:31
2nd period
3. Red Wings , Sean Bergenheim 21 (Phil Kessel) at 8:13
4. Red Wings , Rick Nash 51 (Mike Richards) at 17:44 (PP)
5. Jets , Derek Roy 29 (Benoit Pouliot, Dustin Brown) at 19:18 (PP)
Penalties :
Phil Kessel (Det) for Interference (Minor) at 2:39, Kyle Clifford (Win) for Interference (Minor) at 11:35, Tyler Myers (Win) for Hooking (Minor) at 17:23, Filip Kuba (Det) for Holding (Minor) at 18:22
3rd period
No Goal
Penalties :
Marco Scandella (Win) for Slashing (Minor) at 1:01, James Wright (Win) for Holding (Minor) at 1:08, Steve Downie (Det) for Holding Stick (Minor) at 4:22, Jussi Jokinen (Win) for High sticking (Minor) at 15:19, Mike Brown (Det) for Boarding (Minor) at 18:04
Goalie Stats
Kari Lehtonen (Win), 25 saves from 29 shots - (0,862), L, 13-19-3, 60:00 minutes
Michal Neuvirth (Det), 43 saves from 44 shots - (0,977), W, 31-18-9, 60:00 minutes
Players Stats for Jets
Player Name G A P +/- PIM S H SB GA TA FO MP PP MP PK MP
------------------------------------------------------------------------------------
Anton Volchenkov 0 0 0 0 0 2 2 4 0 3 0/0 27:20 4:47 6:44
Benoit Pouliot 0 1 1 0 0 9 1 1 0 0 1/2 21:44 4:15 2:08
Derek Roy 1 0 1 -1 2 7 2 1 2 0 12/23 22:01 4:15 3:26
Derek Stepan 0 0 0 0 0 4 0 0 0 0 4/8 14:04 2:34 0:23
Dustin Brown 0 1 1 0 0 5 0 0 1 0 1/5 19:52 4:15 1:56
Eric Fehr 0 0 0 0 0 1 0 0 0 0 0/0 8:57 0:00 0:00
Eric Gelinas 0 0 0 0 0 2 0 0 0 1 0/0 11:46 0:00 1:16
James Wright 0 0 0 -1 4 0 2 1 0 0 4/14 14:56 2:34 3:46
Jimmy Hayes 0 0 0 0 0 1 1 0 0 0 0/0 5:53 0:00 0:00
Jussi Jokinen 0 0 0 -1 2 1 1 0 1 0 1/3 14:09 2:34 0:51
Kyle Clifford 0 0 0 -1 2 3 0 0 0 0 0/1 11:18 0:00 3:48
Lee Stempniak 0 0 0 -1 0 0 2 0 0 0 0/1 10:46 0:00 0:00
Marco Scandella 0 0 0 0 4 2 0 0 0 0 0/0 17:54 2:02 2:46
Michael Rupp 0 0 0 0 0 1 0 0 1 0 0/0 8:45 0:00 0:22
Michal Rozsival 0 0 0 -2 2 2 0 2 1 1 0/0 18:33 0:00 4:25
Mikko Koivu 0 0 0 -1 0 2 2 0 0 0 4/10 13:16 0:00 1:54
Travis Hamonic 0 0 0 0 0 1 0 0 0 1 0/0 20:46 4:47 0:04
Tyler Myers 0 0 0 -2 2 1 1 3 0 3 0/0 23:23 2:02 6:00
Players Stats for Red Wings
Player Name G A P +/- PIM S H SB GA TA FO MP PP MP PK MP
------------------------------------------------------------------------------------
Adam Henrique 0 0 0 0 0 1 0 0 1 0 0/1 8:32 0:00 0:00
Ales Hemsky 0 0 0 0 0 1 2 0 0 0 0/0 12:40 1:40 0:00
Alex Picard 0 0 0 0 0 2 0 0 0 0 0/0 9:18 0:04 0:36
Filip Kuba 1 0 1 1 4 2 0 1 1 0 0/0 21:01 2:46 0:00
Jiri Fischer 0 1 1 1 0 1 0 0 0 2 0/0 17:51 0:24 3:59
Marc Savard 0 0 0 1 0 0 3 0 1 0 10/15 16:37 3:38 0:00
Mike Brown 0 0 0 0 2 0 2 1 0 0 0/0 9:34 0:18 0:46
Mike Richards 1 1 2 1 0 5 1 0 2 0 15/25 18:40 5:34 0:00
Nate Thompson 0 0 0 0 0 0 0 0 0 0 1/2 5:38 0:00 0:00
Ole-Kristian Tollefsen 0 0 0 0 0 2 1 1 1 0 0/0 22:50 7:04 2:50
Phil Kessel 0 2 2 1 2 2 3 1 1 1 3/4 17:35 5:34 0:00
Philip Samuelsson 0 0 0 2 0 1 2 0 1 0 0/0 15:27 2:47 0:00
Rick Nash 1 0 1 0 0 3 0 0 0 0 4/6 22:03 5:31 3:14
Sean Bergenheim 1 1 2 2 0 2 0 1 0 1 0/1 19:22 3:15 3:15
Shea Weber 0 1 1 0 0 1 1 3 0 0 0/0 28:43 7:04 2:50
Steve Downie 0 0 0 0 2 4 2 1 1 1 0/0 17:35 3:14 2:19
Tim Ramholt 0 0 0 1 0 0 0 2 0 1 0/0 15:20 0:00 3:59
Tyler Johnson 0 0 0 0 0 2 0 0 0 0 7/13 12:21 0:21 3:28
3 Stars
1 - Michal Neuvirth (Det)
2 - Sean Bergenheim (Det)
3 - Mike Richards (Det)
Power Play
Jets - 1 on 5 Attempt(s) - 20,00%
Red Wings - 2 on 9 Attempt(s) - 22,22%
Penalty Kill
Jets - 7 on 9 Attempt(s) - 77,78%
- Score 0 goal in Penalty Kill
Red Wings - 4 on 5 Attempt(s) - 80,00%
- Score 0 goal in Penalty Kill
Team Stat
Jets - Hits : 14 - Faceoff Wins : 27 - Blocked Shots : 12 - Penalty Minutes : 18
Red Wings - Hits : 17 - Faceoff Wins : 40 - Blocked Shots : 11 - Penalty Minutes : 10
Official
Referees : Kozari Steve and Jackson Dave
Linesman : Mark Shewchyk and Pierre Champoux
Game Notes
No Game Note
Finance
Level 1 -- Attendance: 5894 (98,23%) -- Ticket Income 442 050 $
Level 2 -- Attendance: 4331 (86,62%) -- Ticket Income 207 888 $
Level 3 -- Attendance: 1971 (98,55%) -- Ticket Income 55 188 $
Level 4 -- Attendance: 4000 (100,00%) -- Ticket Income 80 000 $
Luxury Box -- Attendance: 968 (96,80%) -- Ticket Income 150 040 $
Game was played at the Joe Louis Arena.
Total Attendance: 17164 (95,36%)
Total Ticket Income: 935 166 $
Other Income: 140 275 $
Total Income: 1 075 441 $
Jets
5 vs 5 Forward
Center Left Wing Right Wing Time % Phy DF OF
1 Derek Roy Benoit Pouliot Dustin Brown 35 1 2 2
2 Mikko Koivu Jussi Jokinen Lee Stempniak 30 1 2 2
3 Derek Stepan Michael Rupp Eric Fehr 20 1 2 2
4 James Wright Kyle Clifford Jimmy Hayes 15 1 2 2
5 vs 5 Defense
Defense Defense Time % Phy DF OF
1 Travis Hamonic Anton Volchenkov 40 1 2 2
2 Michal Rozsival Tyler Myers 30 1 2 2
3 Eric Gelinas Marco Scandella 20 1 2 2
4 Marco Scandella Tyler Myers 10 1 2 2
PowerPlay Forward
Center Left Wing Right Wing Time % Phy DF OF
1 Derek Roy Benoit Pouliot Dustin Brown 60 1 0 4
2 Derek Stepan Jussi Jokinen James Wright 40 0 0 5
PowerPlay Defense
Defense Defense Time % Phy DF OF
1 Anton Volchenkov Travis Hamonic 60 0 1 4
2 Tyler Myers Marco Scandella 40 0 1 4
Penalty Kill 4 Players Forward
Center Wing Time % Phy DF OF
1 James Wright Kyle Clifford 60 0 4 1
2 Derek Roy Dustin Brown 40 0 4 1
Penalty Kill 4 Players Defense
Defense Defense Time % Phy DF OF
1 Anton Volchenkov Tyler Myers 60 1 2 2
2 Michal Rozsival Marco Scandella 40 1 2 2
Penalty Kill - 3 Players Forward
Forward Time % Phy DF OF
1 Dustin Brown 60 0 5 0
2 James Wright 40 0 5 0
Penalty Kill - 3 Players Defense
Defense Defense Time % Phy DF OF
1 Anton Volchenkov Tyler Myers 60 0 5 0
2 Marco Scandella Michal Rozsival 40 0 5 0
4 vs 4 Forward
Center Wing Time % Phy DF OF
1 Derek Roy Benoit Pouliot 60 1 2 2
2 Mikko Koivu Dustin Brown 40 1 2 2
4 vs 4 Defense
Defense Defense Time % Phy DF OF
1 Anton Volchenkov Tyler Myers 60 1 2 2
2 Travis Hamonic Marco Scandella 40 1 2 2
Last Minutes Offensive
Center Left Wing Right Wing Defense Defense
Derek Roy Benoit Pouliot Dustin Brown Travis Hamonic Anton Volchenkov
Last Minutes Defensive
Center Left Wing Right Wing Defense Defense
Derek Roy Benoit Pouliot Dustin Brown Travis Hamonic Anton Volchenkov
Goaltenders
Starting : Kari Lehtonen
Backup : Jacob Markstrom
Extra Forwards
Normal : Dustin Brown, Benoit Pouliot, Derek Roy - PP : Dustin Brown, Benoit Pouliot - PK : Derek Roy
Extra Defensemen
Normal : Anton Volchenkov, Michal Rozsival, Tyler Myers - PP : Marco Scandella - PK : Michal Rozsival, Anton Volchenkov
Penalty Shots
Dustin Brown, Benoit Pouliot, Derek Roy, Mikko Koivu, James Wright
Red Wings
5 vs 5 Forward
Center Left Wing Right Wing Time % Phy DF OF
1 Mike Richards Sean Bergenheim Phil Kessel 35 0 2 3
2 Marc Savard Rick Nash Steve Downie 35 0 3 2
3 Tyler Johnson Adam Henrique Ales Hemsky 20 0 3 2
4 Nate Thompson Alex Picard Mike Brown 10 1 2 2
5 vs 5 Defense
Defense Defense Time % Phy DF OF
1 Shea Weber Filip Kuba 40 0 3 2
2 Jiri Fischer Ole-Kristian Tollefsen 35 0 3 2
3 Philip Samuelsson Tim Ramholt 15 1 3 1
4 Philip Samuelsson Tim Ramholt 10 1 3 1
PowerPlay Forward
Center Left Wing Right Wing Time % Phy DF OF
1 Mike Richards Rick Nash Phil Kessel 60 0 1 4
2 Marc Savard Sean Bergenheim Steve Downie 40 0 1 4
PowerPlay Defense
Defense Defense Time % Phy DF OF
1 Shea Weber Ole-Kristian Tollefsen 60 0 2 3
2 Filip Kuba Philip Samuelsson 40 0 2 3
Penalty Kill 4 Players Forward
Center Wing Time % Phy DF OF
1 Tyler Johnson Sean Bergenheim 50 1 2 2
2 Rick Nash Steve Downie 50 1 2 2
Penalty Kill 4 Players Defense
Defense Defense Time % Phy DF OF
1 Shea Weber Ole-Kristian Tollefsen 50 1 2 2
2 Jiri Fischer Tim Ramholt 50 1 2 2
Penalty Kill - 3 Players Forward
Forward Time % Phy DF OF
1 Tyler Johnson 60 1 2 2
2 Steve Downie 40 1 2 2
Penalty Kill - 3 Players Defense
Defense Defense Time % Phy DF OF
1 Shea Weber Ole-Kristian Tollefsen 50 1 2 2
2 Jiri Fischer Tim Ramholt 50 1 2 2
4 vs 4 Forward
Center Wing Time % Phy DF OF
1 Mike Richards Rick Nash 60 1 2 2
2 Marc Savard Sean Bergenheim 40 1 2 2
4 vs 4 Defense
Defense Defense Time % Phy DF OF
1 Shea Weber Ole-Kristian Tollefsen 60 1 2 2
2 Jiri Fischer Filip Kuba 40 1 2 2
Last Minutes Offensive
Center Left Wing Right Wing Defense Defense
Mike Richards Rick Nash Phil Kessel Shea Weber Ole-Kristian Tollefsen
Last Minutes Defensive
Center Left Wing Right Wing Defense Defense
Tyler Johnson Rick Nash Steve Downie Shea Weber Ole-Kristian Tollefsen
Goaltenders
Starting : Michal Neuvirth
Backup : Mike McKenna
Extra Forwards
Normal : Rick Nash, Marc Savard, Tyler Johnson - PP : Steve Downie, Ales Hemsky - PK : Mike Brown
Extra Defensemen
Normal : Shea Weber, Filip Kuba, Philip Samuelsson - PP : Philip Samuelsson - PK : Filip Kuba, Philip Samuelsson
Penalty Shots
Rick Nash, Mike Richards, Steve Downie, Shea Weber, Phil Kessel
% Time on Ice - Jets
Lines # - Real PCT - Wanted PCT - Time Play
Normal Forward
1 - 37% - 35% - 15:27
2 - 30% - 30% - 12:12
3 - 20% - 20% - 8:15
4 - 13% - 15% - 5:27
Normal Defense
1 - 39% - 40% - 15:59
2 - 32% - 30% - 13:24
3 - 25% - 20% - 10:21
4 - 4% - 10% - 1:37
PP Forward
1 - 62% - 60% - 4:15
2 - 38% - 40% - 2:34
PP Defense
1 - 70% - 60% - 4:47
2 - 30% - 40% - 2:02
PK Forward
1 - 95% - 60% - 7:35
2 - 5% - 40% - 0:24
PK Defense
1 - 64% - 60% - 5:06
2 - 36% - 40% - 2:53
PK3 Forward
1 - 63% - 60% - 1:40
2 - 37% - 40% - 0:58
PK3 Defense
1 - 45% - 60% - 1:11
2 - 55% - 40% - 1:27
44 Forward
1 - 100% - 60% - 1:13
2 - 0% - 40% - 0:00
44 Defense
1 - 37% - 60% - 0:27
2 - 63% - 40% - 0:46
Last Minute Offensive - 0:00
Last Minute Defensive - 0:00
Total
Forward - 60:00
Defense - 60:00
|
% Time on Ice - Red Wings
Lines # - Real PCT - Wanted PCT - Time Play
Normal Forward
1 - 35% - 35% - 14:40
2 - 31% - 35% - 12:51
3 - 20% - 20% - 8:12
4 - 14% - 10% - 5:38
Normal Defense
1 - 41% - 40% - 17:08
2 - 32% - 35% - 13:23
3 - 16% - 15% - 6:40
4 - 10% - 10% - 4:10
PP Forward
1 - 61% - 60% - 5:59
2 - 39% - 40% - 3:52
PP Defense
1 - 72% - 60% - 7:04
2 - 28% - 40% - 2:47
PK Forward
1 - 48% - 50% - 3:15
2 - 52% - 50% - 3:34
PK Defense
1 - 42% - 50% - 2:50
2 - 58% - 50% - 3:59
PK3 Forward
1 - 0% - 60%
2 - 0% - 40%
PK3 Defense
1 - 0% - 50%
2 - 0% - 50%
44 Forward
1 - 64% - 60% - 1:16
2 - 36% - 40% - 0:43
44 Defense
1 - 58% - 60% - 1:09
2 - 42% - 40% - 0:50
Last Minute Offensive - 0:00
Last Minute Defensive - 0:00
Total
Forward - 60:00
Defense - 60:00
|
Play by Play
1st period
0:01 of 1st period - Mike Richards wins face-off versus Derek Roy in neutral zone.
0:06 of 1st period - Travis Hamonic is hit by Phil Kessel and loses puck.
0:27 of 1st period - Travis Hamonic is hit by Marc Savard and loses puck.
1:32 of 1st period - Snap shot by Tyler Johnson.
1:32 of 1st period - Stopped by Kari Lehtonen without a rebound.
1:33 of 1st period - Mike Richards wins face-off versus Derek Roy in Jets zone.
1:34 of 1st period - Snap shot by Phil Kessel.
1:34 of 1st period - Shot Blocked by Benoit Pouliot.
2:35 of 1st period - Wrist shot by Nate Thompson.
2:35 of 1st period - Shot Misses the Net.
2:37 of 1st period - Slapshot by Philip Samuelsson.
2:37 of 1st period - Stopped by Kari Lehtonen with a rebound.
2:43 of 1st period - Minor Penalty to Michal Rozsival for Holding.
2:44 of 1st period - Mike Richards wins face-off versus James Wright in Jets zone.
2:57 of 1st period - Snap shot by Phil Kessel.
2:57 of 1st period - Deflect By Mike Richards.
2:57 of 1st period - Goal by Mike Richards - Jets : 0 - Red Wings : 1.
2:58 of 1st period - Mike Richards wins face-off versus Derek Roy in neutral zone.
2:58 of 1st period - Phil Kessel is hit by Derek Roy and loses puck.
3:03 of 1st period - Slapshot by Filip Kuba.
3:03 of 1st period - Deflect By Mike Richards.
3:03 of 1st period - Shot Blocked by Derek Roy.
3:03 of 1st period - Puck is out of play.
3:04 of 1st period - Benoit Pouliot wins face-off versus Sean Bergenheim in Jets zone.
3:18 of 1st period - Minor Penalty to Marco Scandella for Hooking.
3:19 of 1st period - James Wright wins face-off versus Mike Richards in Jets zone.
3:33 of 1st period - Slapshot by Mike Richards.
3:33 of 1st period - Stopped by Kari Lehtonen without a rebound.
3:34 of 1st period - Mike Richards wins face-off versus James Wright in Jets zone.
3:39 of 1st period - Wrist shot by Mike Richards.
3:39 of 1st period - Shot Misses the Net.
3:45 of 1st period - Snap shot by Phil Kessel.
3:45 of 1st period - Deflect By Rick Nash.
3:45 of 1st period - Shot Blocked by Tyler Myers.
3:45 of 1st period - Puck is out of play.
3:46 of 1st period - Mike Richards wins face-off versus James Wright in Jets zone.
4:03 of 1st period - Snap shot by Dustin Brown.
4:03 of 1st period - Stopped by Michal Neuvirth without a rebound.
4:04 of 1st period - James Wright wins face-off versus Marc Savard in Red Wings zone.
4:05 of 1st period - Slapshot by Anton Volchenkov.
4:05 of 1st period - Shot Misses the Net.
4:07 of 1st period - Minor Penalty to Filip Kuba for Holding.
4:08 of 1st period - Derek Roy wins face-off versus Mike Richards in Red Wings zone.
4:31 of 1st period - Minor Penalty to Derek Roy for Hooking.
4:32 of 1st period - Mike Richards wins face-off versus Dustin Brown in Jets zone.
4:35 of 1st period - Slapshot by Shea Weber.
4:35 of 1st period - Shot Misses the Net.
5:18 of 1st period - Penalty to Marco Scandella is over, Marco Scandella is back on ice.
6:07 of 1st period - Penalty to Filip Kuba is over, Filip Kuba is back on ice.
6:31 of 1st period - Penalty to Derek Roy is over, Derek Roy is back on ice.
6:56 of 1st period - Wrist shot by Filip Kuba.
6:56 of 1st period - Shot Misses the Net.
6:58 of 1st period - Snap shot by Sean Bergenheim.
6:58 of 1st period - Shot Misses the Net.
7:00 of 1st period - Slapshot by Jiri Fischer.
7:00 of 1st period - Deflect By Filip Kuba.
7:00 of 1st period - Goal by Filip Kuba - Jets : 0 - Red Wings : 2.
7:01 of 1st period - Tyler Johnson wins face-off versus Mikko Koivu in neutral zone.
7:55 of 1st period - Snap shot by Tyler Johnson.
7:55 of 1st period - Stopped by Kari Lehtonen without a rebound.
7:56 of 1st period - Mikko Koivu wins face-off versus Adam Henrique in Jets zone.
8:25 of 1st period - Rick Nash is hit by Tyler Myers and loses puck.
8:50 of 1st period - Snap shot by Benoit Pouliot.
8:50 of 1st period - Shot Misses the Net.
8:52 of 1st period - Slapshot by Anton Volchenkov.
8:52 of 1st period - Stopped by Michal Neuvirth with a rebound.
8:54 of 1st period - Slapshot by Anton Volchenkov.
8:54 of 1st period - Stopped by Michal Neuvirth with a rebound.
9:08 of 1st period - Snap shot by Phil Kessel.
9:08 of 1st period - Stopped by Kari Lehtonen without a rebound.
9:09 of 1st period - Mikko Koivu wins face-off versus Mike Richards in Jets zone.
9:09 of 1st period - Mikko Koivu is hit by Philip Samuelsson.
9:18 of 1st period - Icing by Tim Ramholt.
9:19 of 1st period - Mike Richards wins face-off versus Mikko Koivu in Red Wings zone.
9:19 of 1st period - Mike Richards is hit by Lee Stempniak.
9:58 of 1st period - Snap shot by Jussi Jokinen.
9:58 of 1st period - Stopped by Michal Neuvirth with a rebound.
10:00 of 1st period - Slapshot by Eric Gelinas.
10:00 of 1st period - Stopped by Michal Neuvirth with a rebound.
10:02 of 1st period - Slapshot by Marco Scandella.
10:02 of 1st period - Deflect By Mikko Koivu.
10:02 of 1st period - Stopped by Michal Neuvirth without a rebound.
10:03 of 1st period - Derek Roy wins face-off versus Marc Savard in Red Wings zone.
10:16 of 1st period - Wrist shot by Derek Roy.
10:16 of 1st period - Stopped by Michal Neuvirth without a rebound.
10:17 of 1st period - Marc Savard wins face-off versus Derek Stepan in Red Wings zone.
10:26 of 1st period - Snap shot by Steve Downie.
10:26 of 1st period - Stopped by Kari Lehtonen with a rebound.
11:05 of 1st period - Slapshot by Marc Savard.
11:05 of 1st period - Shot Blocked by Anton Volchenkov.
11:37 of 1st period - Snap shot by Steve Downie.
11:37 of 1st period - Stopped by Kari Lehtonen with a rebound.
12:01 of 1st period - Snap shot by Phil Kessel.
12:01 of 1st period - Shot Misses the Net.
12:14 of 1st period - Icing by Michal Rozsival.
12:15 of 1st period - Tyler Johnson wins face-off versus James Wright in Jets zone.
12:31 of 1st period - Minor Penalty to James Wright for Holding.
12:32 of 1st period - Mike Richards wins face-off versus Derek Roy in Jets zone.
12:51 of 1st period - Marco Scandella is hit by Mike Richards and loses puck.
14:31 of 1st period - Penalty to James Wright is over, James Wright is back on ice.
14:56 of 1st period - Wrist shot by Derek Stepan.
14:56 of 1st period - Stopped by Michal Neuvirth with a rebound.
14:58 of 1st period - Wrist shot by Derek Stepan.
14:58 of 1st period - Stopped by Michal Neuvirth with a rebound.
15:12 of 1st period - Snap shot by Benoit Pouliot.
15:12 of 1st period - Shot Misses the Net.
15:16 of 1st period - Wrist shot by Benoit Pouliot.
15:16 of 1st period - Stopped by Michal Neuvirth with a rebound.
15:18 of 1st period - Snap shot by Marco Scandella.
15:18 of 1st period - Shot Misses the Net.
15:20 of 1st period - Snap shot by James Wright.
15:20 of 1st period - Shot Blocked by Filip Kuba.
16:19 of 1st period - Snap shot by Ales Hemsky.
16:19 of 1st period - Shot Blocked by Michal Rozsival.
17:18 of 1st period - Wrist shot by Alex Picard.
17:18 of 1st period - Stopped by Kari Lehtonen without a rebound.
17:19 of 1st period - Marc Savard wins face-off versus Mikko Koivu in Jets zone.
18:32 of 1st period - Slapshot by Dustin Brown.
18:32 of 1st period - Shot Misses the Net.
19:40 of 1st period - Jussi Jokinen is hit by Marc Savard and loses puck.
Goals for this period are 0 for Jets vs 2 for Red Wings.
Shots for this period are 10 for Jets vs 10 for Red Wings.
2nd period
0:01 of 2nd period - Derek Stepan wins face-off versus Tyler Johnson in neutral zone.
0:04 of 2nd period - Adam Henrique is hit by Anton Volchenkov and loses puck.
0:11 of 2nd period - Wrist shot by Shea Weber.
0:11 of 2nd period - Shot Misses the Net.
0:36 of 2nd period - Marco Scandella is hit by Mike Brown and loses puck.
0:49 of 2nd period - Rick Nash is hit by James Wright and loses puck.
0:58 of 2nd period - Snap shot by James Wright.
0:58 of 2nd period - Deflect By Jimmy Hayes.
0:58 of 2nd period - Shot Misses the Net.
0:58 of 2nd period - Puck is out of play.
0:59 of 2nd period - Tyler Johnson wins face-off versus Derek Roy in Red Wings zone.
1:14 of 2nd period - Snap shot by Derek Roy.
1:14 of 2nd period - Stopped by Michal Neuvirth without a rebound.
1:15 of 2nd period - Marc Savard wins face-off versus James Wright in Red Wings zone.
1:28 of 2nd period - Snap shot by Kyle Clifford.
1:28 of 2nd period - Stopped by Michal Neuvirth with a rebound.
1:56 of 2nd period - Wrist shot by Rick Nash.
1:56 of 2nd period - Stopped by Kari Lehtonen without a rebound.
1:57 of 2nd period - Derek Stepan wins face-off versus Tyler Johnson in Jets zone.
2:22 of 2nd period - Ole-Kristian Tollefsen is hit by Lee Stempniak and loses puck.
2:39 of 2nd period - Minor Penalty to Phil Kessel for Interference.
2:40 of 2nd period - Derek Roy wins face-off versus Tyler Johnson in Red Wings zone.
2:49 of 2nd period - Wrist shot by Derek Roy.
2:49 of 2nd period - Stopped by Michal Neuvirth without a rebound.
2:50 of 2nd period - Tyler Johnson wins face-off versus Derek Roy in Red Wings zone.
3:03 of 2nd period - Backhand shot by Shea Weber.
3:03 of 2nd period - Deflect By Steve Downie.
3:03 of 2nd period - Shot Blocked by Anton Volchenkov.
3:03 of 2nd period - Puck is out of play.
3:04 of 2nd period - Rick Nash wins face-off versus Derek Roy in Jets zone.
3:21 of 2nd period - Wrist shot by Dustin Brown.
3:21 of 2nd period - Shot Blocked by Tim Ramholt.
3:46 of 2nd period - Icing by Anton Volchenkov.
3:47 of 2nd period - Rick Nash wins face-off versus Derek Stepan in Jets zone.
3:50 of 2nd period - Snap shot by Steve Downie.
3:50 of 2nd period - Stopped by Kari Lehtonen without a rebound.
3:51 of 2nd period - Rick Nash wins face-off versus Derek Roy in Jets zone.
4:04 of 2nd period - Wrist shot by Rick Nash.
4:04 of 2nd period - Deflect By Steve Downie.
4:04 of 2nd period - Stopped by Kari Lehtonen with a rebound.
4:06 of 2nd period - Snap shot by Rick Nash.
4:06 of 2nd period - Shot Misses the Net.
4:22 of 2nd period - Slapshot by Tyler Myers.
4:22 of 2nd period - Deflect By Derek Stepan.
4:22 of 2nd period - Stopped by Michal Neuvirth with a rebound.
4:39 of 2nd period - Penalty to Phil Kessel is over, Phil Kessel is back on ice.
5:36 of 2nd period - Tim Ramholt is hit by Jimmy Hayes and loses puck.
5:43 of 2nd period - Snap shot by Jimmy Hayes.
5:43 of 2nd period - Stopped by Michal Neuvirth without a rebound.
5:44 of 2nd period - Marc Savard wins face-off versus Derek Roy in Red Wings zone.
5:55 of 2nd period - Snap shot by Rick Nash.
5:55 of 2nd period - Shot Misses the Net.
5:57 of 2nd period - Slapshot by Filip Kuba.
5:57 of 2nd period - Deflect By Steve Downie.
5:57 of 2nd period - Shot Misses the Net.
5:57 of 2nd period - Puck is out of play.
5:58 of 2nd period - Marc Savard wins face-off versus Benoit Pouliot in Jets zone.
6:13 of 2nd period - Snap shot by Dustin Brown.
6:13 of 2nd period - Stopped by Michal Neuvirth with a rebound.
6:15 of 2nd period - Slapshot by Michal Rozsival.
6:15 of 2nd period - Shot Blocked by Steve Downie.
6:53 of 2nd period - Lee Stempniak is hit by Ales Hemsky and loses puck.
8:03 of 2nd period - Snap shot by Derek Stepan.
8:03 of 2nd period - Stopped by Michal Neuvirth without a rebound.
8:04 of 2nd period - Phil Kessel wins face-off versus Lee Stempniak in Red Wings zone.
8:11 of 2nd period - Snap shot by Sean Bergenheim.
8:11 of 2nd period - Shot Blocked by Michal Rozsival.
8:13 of 2nd period - Snap shot by Sean Bergenheim.
8:13 of 2nd period - Goal by Sean Bergenheim - Jets : 0 - Red Wings : 3.
8:14 of 2nd period - Derek Roy wins face-off versus Rick Nash in neutral zone.
8:21 of 2nd period - Wrist shot by Benoit Pouliot.
8:21 of 2nd period - Shot Blocked by Ole-Kristian Tollefsen.
8:23 of 2nd period - Snap shot by Tyler Myers.
8:23 of 2nd period - Stopped by Michal Neuvirth without a rebound.
8:24 of 2nd period - Derek Roy wins face-off versus Marc Savard in Red Wings zone.
8:29 of 2nd period - Wrist shot by Benoit Pouliot.
8:29 of 2nd period - Stopped by Michal Neuvirth without a rebound.
8:30 of 2nd period - Marc Savard wins face-off versus Mikko Koivu in Red Wings zone.
8:57 of 2nd period - Derek Roy is hit by Shea Weber and loses puck.
9:02 of 2nd period - Slapshot by Mike Richards.
9:02 of 2nd period - Shot Misses the Net.
9:04 of 2nd period - Slapshot by Ole-Kristian Tollefsen.
9:04 of 2nd period - Stopped by Kari Lehtonen without a rebound.
9:05 of 2nd period - Tyler Johnson wins face-off versus Derek Stepan in Jets zone.
9:20 of 2nd period - Wrist shot by Michael Rupp.
9:20 of 2nd period - Shot Misses the Net.
9:32 of 2nd period - Dustin Brown is hit by Marc Savard and loses puck.
9:55 of 2nd period - Snap shot by Nate Thompson.
9:55 of 2nd period - Shot Misses the Net.
9:57 of 2nd period - Slapshot by Filip Kuba.
9:57 of 2nd period - Shot Blocked by Anton Volchenkov.
9:59 of 2nd period - Slapshot by Shea Weber.
9:59 of 2nd period - Shot Blocked by Anton Volchenkov.
10:01 of 2nd period - Slapshot by Filip Kuba.
10:01 of 2nd period - Deflect By Alex Picard.
10:01 of 2nd period - Stopped by Kari Lehtonen without a rebound.
10:02 of 2nd period - Mike Richards wins face-off versus Mikko Koivu in Jets zone.
10:03 of 2nd period - Snap shot by Phil Kessel.
10:03 of 2nd period - Stopped by Kari Lehtonen without a rebound.
10:04 of 2nd period - Jussi Jokinen wins face-off versus Mike Richards in Jets zone.
10:58 of 2nd period - Snap shot by Michael Rupp.
10:58 of 2nd period - Shot Blocked by Tim Ramholt.
11:04 of 2nd period - Michal Rozsival is hit by Philip Samuelsson and loses puck.
11:35 of 2nd period - Minor Penalty to Kyle Clifford for Interference.
11:36 of 2nd period - James Wright wins face-off versus Mike Richards in Jets zone.
13:35 of 2nd period - Penalty to Kyle Clifford is over, Kyle Clifford is back on ice.
15:10 of 2nd period - Tim Ramholt is hit by Anton Volchenkov and loses puck.
15:22 of 2nd period - Wrist shot by Mikko Koivu.
15:22 of 2nd period - Shot Misses the Net.
15:32 of 2nd period - Snap shot by Adam Henrique.
15:32 of 2nd period - Shot Misses the Net.
15:34 of 2nd period - Slapshot by Adam Henrique.
15:34 of 2nd period - Stopped by Kari Lehtonen without a rebound.
15:35 of 2nd period - James Wright wins face-off versus Mike Richards in Jets zone.
15:50 of 2nd period - Backhand shot by Mike Richards.
15:50 of 2nd period - Stopped by Kari Lehtonen with a rebound.
16:08 of 2nd period - Snap shot by Michal Rozsival.
16:08 of 2nd period - Stopped by Michal Neuvirth with a rebound.
17:08 of 2nd period - Snap shot by Jussi Jokinen.
17:08 of 2nd period - Deflect By Mikko Koivu.
17:08 of 2nd period - Stopped by Michal Neuvirth without a rebound.
17:09 of 2nd period - Mikko Koivu wins face-off versus Mike Richards in Red Wings zone.
17:18 of 2nd period - Snap shot by Phil Kessel.
17:18 of 2nd period - Shot Blocked by Tyler Myers.
17:23 of 2nd period - Minor Penalty to Tyler Myers for Hooking.
17:24 of 2nd period - Mike Richards wins face-off versus James Wright in Jets zone.
17:32 of 2nd period - Snap shot by Mike Richards.
17:32 of 2nd period - Deflect By Phil Kessel.
17:32 of 2nd period - Shot Blocked by James Wright.
17:32 of 2nd period - Puck is out of play.
17:33 of 2nd period - Phil Kessel wins face-off versus James Wright in Jets zone.
17:38 of 2nd period - Snap shot by Mike Richards.
17:38 of 2nd period - Stopped by Kari Lehtonen with a rebound.
17:40 of 2nd period - Wrist shot by Phil Kessel.
17:40 of 2nd period - Shot Misses the Net.
17:42 of 2nd period - Slapshot by Ole-Kristian Tollefsen.
17:42 of 2nd period - Deflect By Mike Richards.
17:42 of 2nd period - Stopped by Kari Lehtonen without a rebound.
17:43 of 2nd period - Mike Richards wins face-off versus James Wright in Jets zone.
17:44 of 2nd period - Snap shot by Rick Nash.
17:44 of 2nd period - Goal by Rick Nash - Jets : 0 - Red Wings : 4.
17:45 of 2nd period - Derek Roy wins face-off versus Marc Savard in neutral zone.
17:48 of 2nd period - Slapshot by Travis Hamonic.
17:48 of 2nd period - Stopped by Michal Neuvirth with a rebound.
18:12 of 2nd period - Lee Stempniak is hit by Phil Kessel and loses puck.
18:22 of 2nd period - Minor Penalty to Filip Kuba for Holding.
18:23 of 2nd period - Derek Roy wins face-off versus Tyler Johnson in Red Wings zone.
18:35 of 2nd period - Tim Ramholt is hit by Derek Roy and loses puck.
18:50 of 2nd period - Tyler Johnson is hit by Benoit Pouliot and loses puck.
19:18 of 2nd period - Slapshot by Derek Roy.
19:18 of 2nd period - Goal by Derek Roy - Jets : 1 - Red Wings : 4.
19:19 of 2nd period - Marc Savard wins face-off versus Jussi Jokinen in neutral zone.
19:53 of 2nd period - Snap shot by Sean Bergenheim.
19:53 of 2nd period - Shot Blocked by Tyler Myers.
19:55 of 2nd period - Snap shot by Jiri Fischer.
19:55 of 2nd period - Stopped by Kari Lehtonen with a rebound.
19:57 of 2nd period - Slapshot by Ole-Kristian Tollefsen.
19:57 of 2nd period - Stopped by Kari Lehtonen without a rebound.
19:58 of 2nd period - Marc Savard wins face-off versus Derek Roy in Jets zone.
Goals for this period are 1 for Jets vs 2 for Red Wings.
Shots for this period are 13 for Jets vs 14 for Red Wings.
3rd period
0:01 of 3rd period - Mike Richards wins face-off versus Dustin Brown in neutral zone.
0:07 of 3rd period - Off-side.
0:08 of 3rd period - Phil Kessel wins face-off versus Dustin Brown in neutral zone.
0:11 of 3rd period - Slapshot by Shea Weber.
0:11 of 3rd period - Stopped by Kari Lehtonen with a rebound.
0:13 of 3rd period - Slapshot by Filip Kuba.
0:13 of 3rd period - Stopped by Kari Lehtonen without a rebound.
0:14 of 3rd period - Derek Roy wins face-off versus Marc Savard in Jets zone.
0:14 of 3rd period - Derek Roy is hit by Steve Downie.
0:48 of 3rd period - Eric Gelinas is hit by Steve Downie and loses puck.
0:56 of 3rd period - Shea Weber is hit by Mikko Koivu.
1:01 of 3rd period - Minor Penalty to Marco Scandella for Slashing.
1:02 of 3rd period - Mike Richards wins face-off versus Kyle Clifford in Jets zone.
1:08 of 3rd period - Minor Penalty to James Wright for Holding.
1:09 of 3rd period - Mike Richards wins face-off versus Dustin Brown in Jets zone.
2:20 of 3rd period - Michal Rozsival is hit by Phil Kessel and loses puck.
3:01 of 3rd period - Penalty to Marco Scandella is over, Marco Scandella is back on ice.
3:08 of 3rd period - Penalty to James Wright is over, James Wright is back on ice.
3:23 of 3rd period - Wrist shot by Michael Rupp.
3:23 of 3rd period - Stopped by Michal Neuvirth without a rebound.
3:24 of 3rd period - Tyler Johnson wins face-off versus Derek Stepan in Red Wings zone.
3:49 of 3rd period - Mike Brown is hit by Mikko Koivu and loses puck.
3:56 of 3rd period - Marco Scandella is hit by Mike Brown and loses puck.
4:22 of 3rd period - Minor Penalty to Steve Downie for Holding Stick.
4:23 of 3rd period - Derek Roy wins face-off versus Tyler Johnson in Red Wings zone.
6:20 of 3rd period - Icing by Jussi Jokinen.
6:21 of 3rd period - Derek Roy wins face-off versus Rick Nash in Jets zone.
6:22 of 3rd period - Penalty to Steve Downie is over, Steve Downie is back on ice.
8:04 of 3rd period - Anton Volchenkov is hit by Ales Hemsky and loses puck.
8:38 of 3rd period - Slapshot by Derek Roy.
8:38 of 3rd period - Stopped by Michal Neuvirth without a rebound.
8:39 of 3rd period - Derek Stepan wins face-off versus Mike Richards in Red Wings zone.
8:40 of 3rd period - Wrist shot by Eric Fehr.
8:40 of 3rd period - Stopped by Michal Neuvirth with a rebound.
8:42 of 3rd period - Snap shot by Eric Gelinas.
8:42 of 3rd period - Stopped by Michal Neuvirth with a rebound.
8:44 of 3rd period - Slapshot by Marco Scandella.
8:44 of 3rd period - Shot Blocked by Shea Weber.
8:48 of 3rd period - Wrist shot by Derek Stepan.
8:48 of 3rd period - Shot Blocked by Phil Kessel.
8:50 of 3rd period - Slapshot by Marco Scandella.
8:50 of 3rd period - Stopped by Michal Neuvirth without a rebound.
8:51 of 3rd period - Derek Roy wins face-off versus Mike Richards in Red Wings zone.
9:36 of 3rd period - Backhand shot by Derek Roy.
9:36 of 3rd period - Stopped by Michal Neuvirth with a rebound.
9:42 of 3rd period - Slapshot by Benoit Pouliot.
9:42 of 3rd period - Stopped by Michal Neuvirth without a rebound.
9:43 of 3rd period - Mikko Koivu wins face-off versus Mike Richards in Red Wings zone.
10:10 of 3rd period - Philip Samuelsson is hit by James Wright and loses puck.
10:33 of 3rd period - Snap shot by Michael Rupp.
10:33 of 3rd period - Shot Misses the Net.
11:07 of 3rd period - Wrist shot by Sean Bergenheim.
11:07 of 3rd period - Stopped by Kari Lehtonen without a rebound.
11:08 of 3rd period - Derek Roy wins face-off versus Phil Kessel in Jets zone.
11:39 of 3rd period - Snap shot by Benoit Pouliot.
11:39 of 3rd period - Shot Misses the Net.
12:01 of 3rd period - Snap shot by Benoit Pouliot.
12:01 of 3rd period - Stopped by Michal Neuvirth with a rebound.
12:03 of 3rd period - Snap shot by Dustin Brown.
12:03 of 3rd period - Stopped by Michal Neuvirth with a rebound.
12:05 of 3rd period - Snap shot by Dustin Brown.
12:05 of 3rd period - Shot Misses the Net.
12:11 of 3rd period - Wrist shot by Benoit Pouliot.
12:11 of 3rd period - Stopped by Michal Neuvirth with a rebound.
12:13 of 3rd period - Slapshot by Eric Gelinas.
12:13 of 3rd period - Shot Blocked by Shea Weber.
12:15 of 3rd period - Slapshot by Marco Scandella.
12:15 of 3rd period - Stopped by Michal Neuvirth with a rebound.
12:17 of 3rd period - Snap shot by Dustin Brown.
12:17 of 3rd period - Shot Misses the Net.
12:29 of 3rd period - Wrist shot by Derek Roy.
12:29 of 3rd period - Shot Blocked by Shea Weber.
12:31 of 3rd period - Slapshot by Marco Scandella.
12:31 of 3rd period - Shot Misses the Net.
12:39 of 3rd period - Snap shot by Dustin Brown.
12:39 of 3rd period - Shot Misses the Net.
13:15 of 3rd period - Snap shot by Benoit Pouliot.
13:15 of 3rd period - Stopped by Michal Neuvirth with a rebound.
13:17 of 3rd period - Wrist shot by Benoit Pouliot.
13:17 of 3rd period - Shot Blocked by Sean Bergenheim.
13:19 of 3rd period - Slapshot by Marco Scandella.
13:19 of 3rd period - Shot Hit the Post.
13:21 of 3rd period - Slapshot by Benoit Pouliot.
13:21 of 3rd period - Stopped by Michal Neuvirth with a rebound.
13:23 of 3rd period - Wrist shot by Derek Roy.
13:23 of 3rd period - Shot Misses the Net.
13:25 of 3rd period - Snap shot by Benoit Pouliot.
13:25 of 3rd period - Deflect By Derek Roy.
13:25 of 3rd period - Stopped by Michal Neuvirth with a rebound.
13:27 of 3rd period - Wrist shot by Benoit Pouliot.
13:27 of 3rd period - Stopped by Michal Neuvirth with a rebound.
13:29 of 3rd period - Snap shot by Benoit Pouliot.
13:29 of 3rd period - Stopped by Michal Neuvirth without a rebound.
13:30 of 3rd period - Rick Nash wins face-off versus Jussi Jokinen in Red Wings zone.
13:30 of 3rd period - Rick Nash is hit by Jussi Jokinen.
14:18 of 3rd period - Slapshot by James Wright.
14:18 of 3rd period - Shot Blocked by Mike Brown.
14:20 of 3rd period - Wrist shot by Kyle Clifford.
14:20 of 3rd period - Stopped by Michal Neuvirth with a rebound.
14:24 of 3rd period - Wrist shot by Kyle Clifford.
14:24 of 3rd period - Stopped by Michal Neuvirth with a rebound.
14:40 of 3rd period - Wrist shot by Rick Nash.
14:40 of 3rd period - Stopped by Kari Lehtonen with a rebound.
15:19 of 3rd period - Minor Penalty to Jussi Jokinen for High sticking.
15:20 of 3rd period - Marc Savard wins face-off versus James Wright in Jets zone.
15:31 of 3rd period - Slapshot by Ales Hemsky.
15:31 of 3rd period - Shot Misses the Net.
15:33 of 3rd period - Wrist shot by Ales Hemsky.
15:33 of 3rd period - Stopped by Kari Lehtonen without a rebound.
15:34 of 3rd period - Marc Savard wins face-off versus James Wright in Jets zone.
17:00 of 3rd period - Michael Rupp is hit by Ole-Kristian Tollefsen.
17:19 of 3rd period - Penalty to Jussi Jokinen is over, Jussi Jokinen is back on ice.
17:34 of 3rd period - Snap shot by Dustin Brown.
17:34 of 3rd period - Stopped by Michal Neuvirth with a rebound.
17:36 of 3rd period - Snap shot by Michal Rozsival.
17:36 of 3rd period - Stopped by Michal Neuvirth without a rebound.
17:37 of 3rd period - Derek Stepan wins face-off versus Nate Thompson in Red Wings zone.
17:51 of 3rd period - Icing by Alex Picard.
17:52 of 3rd period - Nate Thompson wins face-off versus Mikko Koivu in Red Wings zone.
18:04 of 3rd period - Minor Penalty to Mike Brown for Boarding.
18:05 of 3rd period - Dustin Brown wins face-off versus Tyler Johnson in Red Wings zone.
18:07 of 3rd period - Snap shot by Dustin Brown.
18:07 of 3rd period - Stopped by Michal Neuvirth without a rebound.
18:08 of 3rd period - Tyler Johnson wins face-off versus Derek Roy in Red Wings zone.
Goals for this period are 0 for Jets vs 0 for Red Wings.
Shots for this period are 21 for Jets vs 5 for Red Wings.
Back to the Top